 Dungeon Crawl Stone Soup version 0.28.0-53-g5a82cb258f (webtiles) character file.

Game seed: 832163734415519100

1719 Tirrikindir the Carver (level 9, -6/46 HPs)
             Began as an Octopode Fighter on Aug 5, 2022.
             Was a Plaything of Xom.
             Mangled by a killer bee (8 damage)
             ... on level 7 of the Dungeon.
             The game lasted 00:18:32 (6081 turns).

Tirrikindir the Carver (Octopode Fighter)           Turns: 6081, Time: 00:18:34

Health: -6/46      AC:  1    Str: 23    XL:     9   Next: 4%
Magic:  9/9        EV: 14    Int: 10    God:    Xom [.*....]
Gold:   316        SH:  5    Dex: 14    Spells: 8/8 levels left

rFire   . . .      SeeInvis .   s - +2 scimitar (protect)
rCold   . . .      Faith    .   b - +0 buckler
rNeg    . . .      Spirit   .   (helmet restricted)
rPois   +          Reflect  .   (no amulet)
rElec   .          Harm     .   k - ring "Qulih" {rPois Str+4}
rCorr   .          Rampage  .   (no ring)
Will    .....                   (no ring)
Stlth   ++++......              (no ring)
HPRegen 0.15/turn               (no ring)
MPRegen 0.11/turn               (no ring)
                                (no ring)
                                (no ring)

@: death channelling
A: almost no armour, amphibious, 8 rings, camouflage 1, gelatinous body 1,
(nimble swimmer 1), tentacles, frail 2, strong 1, wild magic 1, noise
suppression
a: Renounce Religion


You were on level 7 of the Dungeon.
You worshipped Xom.
You were a plaything of Xom.
You visited 2 branches of the dungeon, and saw 8 of its levels.

You collected 316 gold pieces.

Inventory:

Hand Weapons
 h - a +3 dagger
 s - a +2 scimitar of protection (weapon)
Missiles
 n - 8 boomerangs (quivered)
Armour
 b - a +0 buckler (worn)
Jewellery
 k - the ring "Qulih" (left tentacle) {rPois Str+4}
   (Xom gifted it to you on level 5 of the Dungeon)

   [ring of poison resistance]

   Str:       It affects your strength (+4).
   rPois:     It protects you from poison.
Wands
 f - a wand of polymorph (7)
Scrolls
 d - a scroll of enchant armour {unknown}
 g - a scroll of summoning
 j - 4 scrolls of teleportation
 l - a scroll of fog
 u - a scroll of blinking {unknown}
Potions
 c - a potion of might
 i - a potion of brilliance
 o - 3 potions of flight {unknown}
 p - 2 potions of invisibility {unknown}
 q - 2 potions of haste {unknown}
 r - a potion of resistance {unknown}
 t - a potion of ambrosia {unknown}


   Skills:
 * Level 4.2 Fighting
 * Level 8.1 Long Blades
 + Level 0.5 Throwing
 * Level 4.1 Dodging
 * Level 6.3 Stealth
 * Level 4.2 Shields
 + Level 4.1 Evocations


You had 8 spell levels left.
You didn't know any spells.
Your spell library contained the following spells:

 Spells                   Type           Power      Damage    Failure   Level
 Foxfire                  Conj/Fire      0%         2x1d4     52%         1
 Conjure Flame            Conj/Fire      0%         6-21      87%         3
 Inner Flame              Hex/Fire       0%         N/A       87%         3
 Flame Wave               Conj/Fire      0%         2d4       99%         4
 Blade Hands              Tmut           0%         N/A       100%        5
 Irradiate                Conj/Tmut      0%         3d13      100%        5
 Dragon Form              Tmut           0%         N/A       100%        7


Dungeon Overview and Level Annotations

Branches:
Dungeon (7/15)             Temple (1/1) D:4

Altars:
Ashenzari
Dithmenos
Elyvilon
Fedhas
Hepliaklqana
Kikubaaqudgha
Nemelex Xobeh
Okawaru
Qazlal
Ru
Sif Muna
Trog
Uskayaw
Vehumet
Wu Jian
Xom
Yredelemnul
The Shining One

Annotations:
D:3 2 runed translucent doors, SanguineChosen's ghost, weakling MiBe


Innate Abilities, Weirdness & Mutations

You cannot wear most types of armour.
You are amphibious.
You can wear up to eight rings at the same time.
Your skin changes colour to match your surroundings (Stealth+).
Your rubbery body absorbs attacks. (AC +1, EV +1)
((You are camouflaged when in or above water. (Stealth+)))
You have tentacles for arms and can constrict up to eight enemies at once.
You are very frail. (-20% HP)
Your muscles are strong. (Str +2)
Your spells are a little harder to cast, but a little more powerful.
You passively dampen the noise of your surroundings.


Message History

You feel sick. The killer bee misses your butterfly.
The killer bee completely misses your butterfly. x3
The killer bee stings your butterfly!
Your butterfly dies!
Your butterfly disappears in a puff of smoke!
You feel sick. The killer bee stings your butterfly.
Your butterfly dies!
Your butterfly disappears in a puff of smoke!
The killer bee completely misses your butterfly.
You feel sick. The killer bee closely misses you.
The killer bee misses your butterfly. You block the killer bee's attack.
The killer bee completely misses your butterfly.
You block the killer bee's attack.
You swap places.
You feel sick.
The killer bee completely misses your butterfly. x2
You see here a +0 leather armour.
You feel sick.
The killer bee closely misses your butterfly.
The killer bee misses your butterfly.
The killer bee closely misses your butterfly.
The killer bee stings your butterfly.
Your butterfly dies!
Your butterfly disappears in a puff of smoke!
The killer bee barely misses you.
Okay, then.
You feel sick.
You are no longer poisoned.
The killer bee stings you.
* * * LOW HITPOINT WARNING * * *
You feel better. The killer bee stings you.
* * * LOW HITPOINT WARNING * * *
The killer bee stings you!
* * * LOW HITPOINT WARNING * * *
Aiming: Polymorph
Press: ? - help, Shift-Dir - straight line, f - killer bee
Aim: a killer bee (moderately wounded, will become an acid dragon, a tengu, or a swamp drake, chance to affect: 67%)
The killer bee struggles to resist.
The killer bee closely misses you.
The killer bee misses something.
The killer bee stings you!
You die...
Xom thinks this is hilarious!

........#.#
#...........#
.....#..#.#
#...........#
.....#..#.#
####.bb....b...### ....
#..#.#
#.....bb.........# ...
#..#.#
#....bb..b.).....# ...
#..#.#
#...yy...........#
###.###..yyy.y######...#
#......###y#### ...#
#.#.##..##@# ...#
#.#.###.##.# .##.# #...#
#.##.# .# ... #####
#.##.# .# ## #.##.#
#.##.# #.##.# #..#(#
##.#.#


You could see 6 killer bees.

Vanquished Creatures
  Pikel (D:4)
  A water moccasin (D:5)
  An ogre (D:6)
  2 lemures (D:4)
  2 bullfrogs
  3 scorpions
  A water moccasin skeleton (D:5)
  A howler monkey (D:5)
  A bullfrog zombie (D:5)
  3 jellies
  2 orc priests
  A centaur skeleton (D:7)
  4 hounds
  A bullfrog skeleton (D:5)
  2 iguanas
  Terence (D:3)
  A hound skeleton (D:4)
  Robin (D:3)
  3 gnolls (D:3)
  8 adders
  An ufetubus (D:4)
  2 worms
  4 dart slugs
  17 orcs
  6 ball pythons
  4 endoplasms
  3 giant cockroaches
  15 goblins
  9 hobgoblins
  5 quokkas
  2 bats
  3 frilled lizards
  6 kobolds
  4 rats
  A spectral hobgoblin (D:1)
122 creatures vanquished.

Vanquished Creatures (others)
  An ice beast (D:4)
  6 plants
  3 withered plants (D:3)
10 creatures vanquished.

Grand Total: 132 creatures vanquished

Notes
Turn   | Place    | Note
-------+----------+-------------------------------------------
     0 | D:1      | Tirrikindir the Octopode Fighter began the quest for the
                  | Orb.
     0 | D:1      | Reached XP level 1. HP: 16/16 MP: 1/1
   135 | D:1      | Reached XP level 2. HP: 6/21 MP: 2/2
   580 | D:1      | Reached skill level 1 in Stealth
   886 | D:1      | Reached XP level 3. HP: 26/26 MP: 3/3
   925 | D:1      | Found a faded altar of an unknown god.
   937 | D:1      | Prayed at the altar of an unknown god.
   937 | D:1      | Became a worshipper of Xom of Chaos
  1095 | D:2      | XOM: divination: detect items
  1346 | D:2      | XOM: 1-stop teleportation journey
  1440 | D:2      | XOM: 2-stop teleportation journey
  1693 | D:2      | XOM is BORED!
  1693 | D:2      | XOM: summons 2 hostile demons
  1736 | D:2      | Reached XP level 4. HP: 9/31 MP: 4/4
  2043 | D:2      | Reached skill level 3 in Long Blades
  2146 | D:2      | XOM: give mutations
  2146 | D:2      | Gained mutation: One of your tentacles bears a spike.
                  | [Xom's grace]
  2146 | D:2      | Gained mutation: You passively dampen the noise of your
                  | surroundings. [Xom's grace]
  2195 | D:3      | Noticed Robin
  2268 | D:3      | Noticed Terence
  2268 | D:3      | You fall into a shaft and drop 2 floors!
  2268 | D:5      | Entered Level 5 of the Dungeon
  2295 | D:5      | Reached XP level 5. HP: 19/36 MP: 5/5
  2297 | D:5      | Found a glowing golden altar of the Shining One.
  2400 | D:5      | XOM: noise
  2430 | D:5      | Reached XP level 6. HP: 22/43 MP: 6/6
  2440 | D:5      | Identified the ring "Qulih" {rPois Str+4} (Xom gifted it to
                  | you on level 5 of the Dungeon)
  2440 | D:5      | XOM: god gift: ring "Qulih" {rPois Str+4}
  2518 | D:4      | XOM: give mutations
  2518 | D:4      | Gained mutation: You are dopey. (Int -2) [Xom's mischief]
  2518 | D:4      | Gained mutation: You are frail. (-10% HP) [Xom's mischief]
  2548 | D:4      | XOM: butterfly on damage
  2556 | D:4      | Reached skill level 4 in Long Blades
  2994 | D:4      | XOM: silly message
  3035 | D:4      | XOM: polymorph kobold -> quokka
  3107 | D:4      | Found a staircase to the Ecumenical Temple.
  3129 | Temple   | Entered the Ecumenical Temple
  3156 | Temple   | XOM: draining
  3343 | D:4      | XOM: scenery: create altars
  3350 | D:4      | Found a radiant altar of Vehumet.
  3492 | D:3      | Found a runed translucent door.
  3514 | D:3      | Identified the +5 scale mail "Hidayguw" {rC+}
  3531 | D:3      | Found a runed translucent door.
  3660 | D:3      | Killed Terence
  3708 | D:3      | Reached XP level 7. HP: 26/38 MP: 7/7
  3743 | D:3      | Reached skill level 5 in Long Blades
  3829 | D:3      | XOM: give mutations
  3829 | D:3      | Gained mutation: You sometimes lose the ability to read
                  | scrolls when taking damage. [Xom's mischief]
  3829 | D:3      | Lost mutation: You are dopey. (Int -2) [Xom's mischief]
  3829 | D:3      | Gained mutation: Your spells are a little harder to cast,
                  | but a little more powerful. [Xom's mischief]
  3947 | D:3      | Noticed SanguineChosen's ghost (weakling MiBe)
  3969 | D:3      | XOM: silly message
  3978 | D:3      | Killed Robin
  3995 | D:3      | Found a basalt altar of Yredelemnul.
  4008 | D:3      | XOM: god gift: pair of boots {god gift}
  4012 | D:3      | XOM: god gift: wand of iceblast (4)
  4020 | D:3      | Found an iron altar of Okawaru.
  4289 | D:4      | XOM: divine lightning
  4301 | D:4      | Noticed Pikel
  4308 | D:4      | XOM: silly message
  4309 | D:4      | Killed Pikel
  4310 | D:4      | Reached skill level 6 in Long Blades
  4310 | D:4      | Reached skill level 5 in Stealth
  4310 | D:4      | Reached XP level 8. HP: 48/48 MP: 8/8
  4339 | D:4      | XOM: cloud trail
  4508 | D:5      | Found a stormy altar of Qazlal.
  4524 | D:5      | XOM: confusion
  4725 | D:5      | Identified the +5 quarterstaff of Integrity {venom, rElec
                  | rPois}
  4835 | D:5      | XOM: 2-stop teleportation journey
  4836 | D:5      | Found a broken altar of Ashenzari.
  4837 | D:5      | Found an ancient bone altar of Kikubaaqudgha.
  5039 | D:5      | Reached skill level 7 in Long Blades
  5108 | D:5      | XOM: silly message
  5201 | D:6      | XOM: silly message
  5354 | D:6      | Found a hazy altar of Hepliaklqana.
  5420 | D:6      | Reached skill level 8 in Long Blades
  5951 | D:6      | Lost mutation: One of your tentacles bears a spike. [potion
                  | of mutation]
  5951 | D:6      | Lost mutation: You sometimes lose the ability to read
                  | scrolls when taking damage. [potion of mutation]
  5951 | D:6      | Gained mutation: Your muscles are strong. (Str +2) [potion
                  | of mutation]
  5951 | D:6      | Gained mutation: You are very frail. (-20% HP) [potion of
                  | mutation]
  6011 | D:7      | Reached XP level 9. HP: 46/46 MP: 9/9
  6067 | D:7      | XOM: summons friendly crimson imp
  6069 | D:7      | XOM: scenery: summon butterflies
  6073 | D:7      | XOM: cast spell 'Death Channel'
  6080 | D:7      | HP: 2/46 [killer bee (8)]
  6081 | D:7      | Mangled by a killer bee

Illustrated notes

Levels and vault maps discovered:
D:1:      shiori_arrival_oz, layout_rooms,
          dreamdust_ecumenical_altar_drowned_temple, serial_forest,
          infiniplex_forest_end_1, infiniplex_forest_pool,
          infiniplex_forest_end_double, infiniplex_forest_end_1,
          infiniplex_forest_end_1, infiniplex_forest_end_2,
          infiniplex_forest_lined_room_3, infiniplex_forest_lined_3,
          infiniplex_forest_lined_1, infiniplex_forest_lined_3
D:2:      layout_loops_ring, corexii_corridor_pit, mrwooster_statue_mirror
D:3:      layout_rooms, mainiacjoe_overflow_alcove_1, yredelemnul_altar_generic,
          ebering_ghost_sewer_f, uniq_robin, uniq_terence
D:4:      layout_gridville, mainiacjoe_overflow_boulevard,
          minmay_temple_entry_statues_fountains, uniq_pikel
D:5:      layout_basic, nicolae_qazlal_scattered_showers,
          nicolae_overflow_crystal_walls, mainiacjoe_overflow_divided_tiny
D:6:      layout_loops_ring, mainiacjoe_overflow_catwalk
D:7:      layout_basic, minmay_nine_imps, uniq_harold, uniq_menkaure
Temple:   compressed_dpeg_circular_temple

Skill      XL: |  1  2  3  4  5  6  7  8 |
---------------+-------------------------+-----
Stealth        | 1 2 3 5 6 |  6.3
Long Blades    | 3 4 6 8 |  8.1
Shields        | 4 |  4.2
Dodging        | 4 |  4.1
Fighting       | 4 |  4.2
Evocations     | 2 4 |  4.1
Throwing       | |  0.5

Action                   |  1- 3 |  4- 6 |  7- 9 || total
-------------------------+-------+-------+-------++-------
Melee: Long sword        |    62 |    90 |    59 ||   211
       Constrict         |    18 |    17 |    20 ||    55
       Tentacles         |    10 |    15 |    19 ||    44
       Punch             |     2 |     2 |     2 ||     6
       Kick              |       |    29 |    22 ||    51
       Scimitar          |       |       |    32 ||    32
Throw: Boomerang         |       |       |     3 ||     3
Evoke: Wand              |       |       |     5 ||     5
  Use: Potion            |     3 |     3 |     4 ||    10
       Scroll            |     1 |     4 |     3 ||     8
 Stab: Sleeping          |     6 |    11 |     7 ||    24
Armor: Skin              |       |     4 |     3 ||     7
Dodge: Dodged            |    31 |    53 |    52 ||   136
Block: Buckler           |    12 |    12 |    23 ||    47
